 Dungeon Crawl Stone Soup version 0.29-a0-1027-gcd8c55af63 (webtiles) character file.

Game seed: 3992902509804116433

12 MisterAzrael the Grave Robber (level 2, 15/15 HPs)
             Began as a Deep Elf Necromancer on Aug 13, 2022.
             Was a Follower of Uskayaw.
             Quit the game on level 1 of the Dungeon.
             The game lasted 00:00:36 (411 turns).

MisterAzrael the Grave Robber (Deep Elf Necromancer) Turns: 411, Time: 00:00:36

Health: 15/15      AC:  2    Str:  5    XL:     2   Next: 20%
Magic:  8/8        EV: 12    Int: 19    God:    Uskayaw [*.....]
Gold:   10         SH:  0    Dex: 15    Spells: 6/7 levels left

rFire   . . .      SeeInvis .   (no weapon)
rCold   . . .      Faith    .   (no shield)
rNeg    . . .      Spirit   .   a - +0 robe
rPois   .          Reflect  .   (no helmet)
rElec   .          Harm     .   (no cloak)
rCorr   .          Rampage  .   (no gloves)
Will    .....                   (no boots)
Stlth   ++........              (no amulet)
HPRegen 0.05/turn               (no ring)
MPRegen 0.11/turn               (no ring)

@: no status effects
A: no striking features
a: Renounce Religion, Stomp


You were on level 1 of the Dungeon.
You worshipped Uskayaw.
Uskayaw was noncommittal.
You visited 1 branch of the dungeon, and saw 1 of its levels.

You collected 10 gold pieces.

Inventory:

Armour
 a - a +0 robe (worn)
Jewellery
 c - an amulet of magic regeneration
Potions
 b - a potion of magic


   Skills:
 - Level 2.4 Dodging
 - Level 2.4 Stealth
 + Level 3.4 Spellcasting
 * Level 5.3 Necromancy


You had 6 spell levels left.
You knew the following spells:

 Your Spells              Type           Power      Damage    Failure   Level
a - Necrotise             Necr           92%        1d8       1%          1

Your spell library contained the following spells:

 Spells                   Type           Power      Damage    Failure   Level
 Vampiric Draining        Necr           23%        2d7       4%          3
 Animate Dead             Necr           23%        N/A       16%         4
 Agony                    Necr           23%        N/A       41%         5


Dungeon Overview and Level Annotations

Branches:
Dungeon (1/15)

Altars:
Uskayaw


Message History

The goblin hits your bat skeleton with a +0 club.
You have reached level 2!
The goblin barely resists.
Your bat skeleton hits the goblin. x2
The goblin hits you but does no damage.
A kobold comes into view. It is wielding a +0 short sword.
The goblin barely misses your bat skeleton.
The goblin writhes in agony.
Your bat skeleton closely misses the goblin.
Your bat skeleton hits the goblin. x2
The goblin dies!
The goblin hits you with a +0 dagger.
The goblin writhes in agony.
You kill the goblin!
The dead are walking!
The kobold writhes in agony.
Your bat skeleton barely misses the kobold.
Your bat skeleton hits the kobold.
The kobold dies!
You can't see any susceptible monsters within range! (Use Z to cast anyway.)
You can't see any susceptible monsters within range! (Use Z to cast anyway.)
Okay, then.
Your goblin skeleton crumbles into dust!
Your bat skeleton crumbles into dust!
Magic restored.
You see here a +0 dagger.
Found a faded altar of an unknown god.
A rat comes into view.
A rat is nearby!
The rat writhes in agony.
You kill the rat!
The dead are walking!
You can't see any susceptible monsters within range! (Use Z to cast anyway.)
You can't see any susceptible monsters within range! (Use Z to cast anyway.)
There is a faded altar of an unknown god here.
You cannot tell which god this altar belongs to.
Convert to them anyway?
Uskayaw accepts your prayer! Uskayaw welcomes you!
You can now stomp with the beat.
Okay, then.
Are you sure you want to abandon this character and quit the game? (Confirm with "yes".)

####### ####.....##
#.........# ##.##.##...#
. #..#...#...# ..
#....@.....# ...
#..#...#...# ....
#..##.##...# .....
#..........####......
#...+.....Z..........
#####)###......####......
#).............# #####
#........#######
#........#


There were no monsters in sight!

Vanquished Creatures
  A goblin (D:1)
  4 jackals (D:1)
  A bat (D:1)
  A frilled lizard (D:1)
  A rat (D:1)
8 creatures vanquished.

Vanquished Creatures (collateral kills)
  A ball python (D:1)
  A goblin (D:1)
  A kobold (D:1)
3 creatures vanquished.

Grand Total: 11 creatures vanquished

Notes
Turn   | Place    | Note
-------+----------+-------------------------------------------
     0 | D:1      | MisterAzrael the Deep Elf Necromancer began the quest for
                  | the Orb.
     0 | D:1      | Reached XP level 1. HP: 10/10 MP: 6/6
   105 | D:1      | Reached skill level 5 in Necromancy
   318 | D:1      | Reached XP level 2. HP: 15/15 MP: 6/8
   375 | D:1      | Found a faded altar of an unknown god.
   410 | D:1      | Prayed at the altar of an unknown god.
   410 | D:1      | Became a worshipper of Uskayaw the Reveller
   410 | D:1      | Reached * piety under Uskayaw
   411 | D:1      | Quit the game

Illustrated notes

Levels and vault maps discovered:
D:1:      shiori_arrival_maze, layout_basic, ebering_ecumenical_altar_box

Skill      XL: |  1 |
---------------+----+-----
Necromancy     | 5 |  5.3
Dodging        | |  2.4
Stealth        | |  2.4
Spellcasting   | |  3.4

Action                   || total
-------------------------++-------
 Cast: Necrotise         ||    15
Armor: Robe              ||     3
Dodge: Dodged            ||    14

Table legend: (Time is in decaauts)
 A = Elapsed time spent in this place.
 B = Non-inter-level travel time spent in this place.
 C = Inter-level travel time spent in this place.
 D = Time resting spent in this place.
 E = Time spent auto-exploring this place.
 F = Levels seen in this place.
 G = Mean time per level.
                   A        B        C        D        E       F      G
               +--------+--------+--------+--------+--------+-----+--------+
         Total |    411 |    411 |      0 |    169 |    174 |   1 |  411.0 |
       Dungeon |    411 |    411 |      0 |    169 |    174 |   1 |  411.0 |
               +--------+--------+--------+--------+--------+-----+--------+

Top non-repeatable levels by time:
     D:1: 411 daAuts
